 Dungeon Crawl Stone Soup version 0.30-a0-38-g011bda1208 (webtiles) character file.

Game seed: 7770906816124693106

9510 LabCoat the Severer (level 11, -8/97 HPs)
             Began as a Hill Orc Fighter on Aug 25, 2022.
             Was a Priest of Trog.
             Killed from afar by an acid dragon (39 damage)
             ... with a splash of acid
             ... on level 10 of the Dungeon on Aug 28, 2022.
             The game lasted 00:39:04 (7310 turns).

LabCoat the Severer (Hill Orc Fighter)              Turns: 7310, Time: 00:39:05

Health: -8/97      AC:  8    Str: 24    XL:     11   Next: 47%
Magic:  11/11      EV:  5    Int:  8    God:    Trog [***...]
Gold:   564        SH: 10    Dex: 16    Spells: 10/10 levels left

rFire   . . .      SeeInvis .    p - +0 flail
rCold   . . .      Faith    .    b - +0 kite shield
rNeg    . . .      Spirit   .    H - +0 plate armour
rPois   +          Reflect  .    (no helmet)
rElec   .          Harm     .    e - +1 cloak
rCorr   .          Rampage  .    (no gloves)
Will    .....                    (no boots)
Stlth   ..........               f - amulet of regeneration
HPRegen 1.06/turn                v - ring of poison resistance
MPRegen 0.12/turn                n - +6 ring of dexterity

@: corroded, on berserk cooldown, slowed, very slow
A: no striking features
a: Renounce Religion, Berserk, Trog's Hand


You were on level 10 of the Dungeon.
You worshipped Trog.
Trog was most pleased with you.
You visited 2 branches of the dungeon, and saw 11 of its levels.

You collected 564 gold pieces.

Inventory:

Hand Weapons
 a - a +1 war axe of freezing
 p - a +0 flail (weapon)
Missiles
 i - 13 poisoned darts
 B - 10 boomerangs (quivered)
 D - 2 throwing nets
 E - 2 javelins
Armour
 b - a +0 kite shield (worn)
 e - a +1 cloak (worn)
 F - +0 steam dragon scales
 H - a +0 plate armour (worn)
Jewellery
 f - an amulet of regeneration (around neck)
 j - a ring of protection from cold
 n - a +6 ring of dexterity (right hand)
 o - a ring of wizardry
 v - a ring of poison resistance (left hand)
 C - an amulet of faith
Wands
 d - a wand of paralysis (29)
 q - a wand of quicksilver (3)
 y - a wand of flame (15)
 L - a wand of mindburst (1)
Scrolls
 g - 3 scrolls of magic mapping
 h - a scroll of fear
 r - a scroll of enchant armour
 u - 4 scrolls of amnesia
 w - a scroll of teleportation
 x - 2 scrolls of poison
 A - a scroll of fog
 I - a scroll of summoning
 J - a scroll of enchant weapon
Potions
 c - a potion of lignification
 k - 6 potions of brilliance
 l - 4 potions of curing
 m - a potion of berserk rage
 s - a potion of flight
 t - a potion of mutation {unknown}
 z - a potion of haste
 G - a potion of ambrosia
 M - a potion of magic


   Skills:
 + Level 9.1 Fighting
 * Level 16.3 Axes
 + Level 0.4(8.9) Maces & Flails
 + Level 4.2 Throwing
 + Level 8.4 Armour
 + Level 6.3 Shields
 + Level 2.3 Evocations


You had 10 spell levels left.
You didn't know any spells.
Your spell library contained the following spells:

 Spells                   Type           Power      Damage    Failure   Level
 Sandblast                Erth           0%         2d4       100%        1
 Ensorcelled Hibernation  Hex/Ice        0%         N/A       100%        2
 Passwall                 Tmut/Erth      0%         N/A       100%        2
 Inner Flame              Hex/Fire       0%         N/A       100%        3
 Stone Arrow              Conj/Erth      0%         3d7       100%        3
 Swiftness                Air            0%         N/A       100%        3
 Cause Fear               Hex            0%         N/A       100%        4
 Borgnjor's Revivificati  Necr           0%         N/A       100%        8
 Discord                  Hex            0%         N/A       100%        8
 Necromutation            Tmut/Necr      0%         N/A       100%        8
 Death's Door             Necr           0%         N/A       100%        9


Dungeon Overview and Level Annotations

Branches:
Dungeon (10/15)            Temple (1/1) D:4
   Lair: D:8-11         Orc: D:9-12

Altars:
Ashenzari
Cheibriados
Dithmenos
Elyvilon
Fedhas
Gozag
Hepliaklqana
Kikubaaqudgha
Makhleb
Nemelex Xobeh
Okawaru
Qazlal
Ru
Sif Muna
Trog
Uskayaw
Vehumet
Wu Jian
Xom
Yredelemnul
Zin
The Shining One

Portals:
Bailey: D:10

Annotations:
D:3 1 runed translucent door, daleorion's ghost, amateur MiFi
D:4 3 runed translucent doors, OPersze's ghost, amateur DENe


Message History

You feel sick.
You closely miss the acid dragon.
The acid dragon is almost dead.
You are no longer berserk.
You are exhausted.
You feel yourself slow down. The acid dragon bites you.
The acid dragon claws you but does no damage.
You closely miss the acid dragon.
The acid dragon is almost dead.
You feel sick.
A yak comes into view.
You block the acid dragon's attack.
The acid dragon claws you but does no damage.
You block the acid dragon's attack.
The acid dragon claws you but does no damage.
The acid dragon attacks as you move away!
You block the acid dragon's attack. x2; You feel sick.
You are no longer poisoned.
The acid dragon bites you.
The acid dragon claws you but does no damage.
There is an open door here.
The acid dragon spits acid at you. The splash of acid hits you!
You hear a bellow!
You hear a bellow!
The acid dragon spits acid at you. The splash of acid hits you!
The acid corrodes you!
The acid dragon attacks as you move away!
The acid dragon bites you!
* * * LOW HITPOINT WARNING * * *
The acid dragon claws you.
* * * LOW HITPOINT WARNING * * *
The acid dragon bites you.
* * * LOW HITPOINT WARNING * * *
The acid dragon claws you but does no damage.
You feel better.
A yak comes into view.
The acid dragon spits acid at you. The splash of acid hits you!!!
You die...

#.†......# #. ##.##..##.. #.##
##..#......# #Y.# ......#.####
..## ...#..#.## #Y)##
####..#..##############...####
#....<........)....#.#....###
#.).###...###8###8####Y.)##...#
#.### ##...8∩..@DY...'.#).)#
#.. #...####8###8######.## #.
##............#####.># #K
#..############.....# .
####.###.## #.#..##### .
#....###..# #...##
#..##..###.#####.### #.
##......#....# # ####..!...#.#


You could see 2 yaks and an acid dragon (catching breath).

Vanquished Creatures
  A hydra (D:10)
  Harold (D:8)
  A two-headed ogre (D:9)
  A cyclops (D:8)
  2 trolls
  A shadow (D:9)
  A wraith (D:9)
  10 yaks (D:9)
  3 steam dragons
  2 acid dragons
  A water moccasin (D:8)
  Duvessa (D:4)
  2 ice beasts
  6 orc warriors
  2 ogres
  A centaur (D:8)
  A phantom (D:5)
  4 bullfrogs
  2 kobold brigands
  3 necrophages (D:6)
  3 gnoll sergeants
  11 wights
  Dowan (D:4)
  9 killer bees
  7 howler monkeys
  A jelly (D:6)
  A hound (D:6)
  3 gnoll boudas (D:7)
  An orc priest (D:9)
  7 iguanas
  Natasha (thrice) (D:4)
  10 orc wizards
  Robin (D:3)
  38 gnolls
  10 adders
  A shadow imp (D:4)
  An ufetubus (D:6)
  A worm (D:5)
  A dart slug (D:1)
  27 orcs
  7 ball pythons
  4 bats
  4 endoplasms
  4 giant cockroaches
  13 goblins
  12 hobgoblins
  3 quokkas
  7 frilled lizards
  13 kobolds
  10 rats
260 creatures vanquished.

Vanquished Creatures (others)
  An orc wizard (D:10)
  A hobgoblin (D:4)
2 creatures vanquished.

Grand Total: 262 creatures vanquished

Notes
Turn   | Place    | Note
-------+----------+-------------------------------------------
     0 | D:1      | LabCoat the Hill Orc Fighter began the quest for the Orb.
     0 | D:1      | Reached XP level 1. HP: 19/19 MP: 1/1
   246 | D:1      | Reached XP level 2. HP: 27/27 MP: 2/2
   251 | D:1      | Reached skill level 3 in Axes
   862 | D:2      | Reached XP level 3. HP: 33/33 MP: 3/3
  1122 | D:2      | Reached skill level 4 in Axes
  1198 | D:2      | Reached XP level 4. HP: 40/40 MP: 4/4
  1395 | D:2      | Found a faded altar of an unknown god.
  1813 | D:3      | Reached skill level 5 in Axes
  1815 | D:3      | Reached XP level 5. HP: 36/46 MP: 5/5
  1854 | D:3      | Noticed Robin
  1866 | D:3      | Killed Robin
  2056 | D:3      | Found a runed translucent door.
  2056 | D:3      | Noticed daleorion's ghost (amateur MiFi)
  2056 | D:3      | Noticed an ogre
  2528 | D:4      | Found a staircase to the Ecumenical Temple.
  2529 | D:4      | Noticed Dowan
  2529 | D:4      | Noticed Duvessa
  2537 | D:4      | Found a runed translucent gate.
  2541 | D:4      | Killed Duvessa
  2542 | D:4      | Reached skill level 6 in Axes
  2542 | D:4      | Reached XP level 6. HP: 30/53 MP: 6/6
  2547 | D:4      | Killed Dowan
  2548 | D:4      | Reached skill level 7 in Axes
  2573 | Temple   | Entered the Ecumenical Temple
  2838 | Temple   | Became a worshipper of Trog the Wrathful
  2954 | D:4      | Found a runed translucent gate.
  2954 | D:4      | Found an opulent altar of Gozag.
  2955 | D:4      | Found a runed translucent gate.
  2956 | D:4      | Noticed OPersze's ghost (amateur DENe)
  3032 | D:4      | Noticed Natasha
  3039 | D:4      | Killed Natasha
  3093 | D:4      | Noticed Natasha
  3096 | D:4      | Killed Natasha
  3098 | D:4      | Reached XP level 7. HP: 60/60 MP: 7/7
  3281 | D:4      | Noticed Natasha
  3287 | D:4      | Killed Natasha
  3318 | D:4      | Reached skill level 8 in Axes
  3582 | D:5      | Entered Level 5 of the Dungeon
  3628 | D:5      | Reached * piety under Trog
  3721 | D:5      | Reached skill level 5 in Fighting
  3721 | D:5      | Reached skill level 1 in Throwing
  3761 | D:5      | Reached skill level 1 in Evocations
  3764 | D:5      | Reached skill level 9 in Axes
  3799 | D:5      | Reached XP level 8. HP: 68/68 MP: 8/8
  4248 | D:6      | Reached skill level 10 in Axes
  4426 | D:6      | Reached skill level 5 in Armour
  4844 | D:7      | Reached XP level 9. HP: 75/75 MP: 9/9
  4865 | D:7      | Reached skill level 11 in Axes
  4865 | D:7      | Reached ** piety under Trog
  4913 | D:7      | Found a basalt altar of Yredelemnul.
  4914 | D:7      | Found a stormy altar of Qazlal.
  5070 | D:7      | Reached skill level 5 in Shields
  5548 | D:8      | Reached skill level 12 in Axes
  5936 | D:8      | Reached skill level 13 in Axes
  6146 | D:9      | Reached XP level 10. HP: 79/84 MP: 10/10
  6278 | D:9      | Identified the +1 scale mail "Zaqa Tad" {*Corrode rElec rC-
                  | rN+++}
  6369 | D:9      | Upgraded the game from 0.30-a0-25-gacc37e2db0 to
                  | 0.30-a0-38-g011bda1208
  6398 | D:9      | Reached *** piety under Trog
  6411 | D:9      | Reached skill level 14 in Axes
  6439 | D:9      | Noticed a cyclops
  6447 | D:9      | HP: 4/86 [cyclops/large rock (11)]
  6461 | D:9      | Noticed Harold
  6647 | D:8      | Killed Harold
  6697 | D:9      | Noticed a two-headed ogre
  6705 | D:9      | Killed a two-headed ogre
  6706 | D:9      | Reached skill level 15 in Axes
  6730 | D:8      | Killed a cyclops
  6731 | D:8      | Reached XP level 11. HP: 82/95 MP: 11/11
  6858 | D:9      | Reached skill level 16 in Axes
  7072 | D:10     | Entered Level 10 of the Dungeon
  7206 | D:10     | Noticed a six-headed hydra
  7210 | D:10     | Found a flagged portal.
  7237 | D:10     | Killed a six-headed hydra
  7310 | D:10     | Killed from afar by an acid dragon

Illustrated notes

Levels and vault maps discovered:
D:1:      elethiomel_arrival_infinity_welcomes_careful_drivers,
          layout_loops_ring
D:2:      layout_loops_ring, hellmonk_ecumenical_altar_prayer_group
D:3:      layout_basic, ebering_ghost_inner_flame, solitary_fountain,
          chequers_serial_rivers_room_a, corner_web_ring, uniq_robin
D:4:      layout_basic, minmay_temple_entry_wispy, ebering_ghost_gozag,
          uniq_natasha, uniq_duvessa
D:5:      layout_cave_pools
D:6:      layout_basic, water_boxes_lemuel
D:7:      layout_gridville, jmf_multi_god_temple
D:8:      layout_layer_cave, serial_glass, glass_columns_a, glass_columns_b,
          glass_columns_b, glass_columns_b, glass_columns_a, glass_columns_b,
          glass_columns_b, glass_columns_b, columned_hall_lemuel
D:9:      layout_small_grid, minmay_alternating_orb, uniq_harold
D:10:     layout_rooms, enter_bailey_8, wad_dig_loot
Temple:   mainiacjoe_temple_cubbyholes

Skill      XL: |  1  2  3  4  5  6  7  8  9 10 11 |
---------------+----------------------------------+-----
Axes           | 3 4 5 6 7 9 10 13 15 16 | 16.3
Fighting       | 4 5 6 8 9 |  9.1
Armour         | 4 5 6 7 8 |  8.4
Shields        | 4 5 6 |  6.3
Throwing       | 1 3 4 |  4.2
Evocations     | 1 2 |  2.3
Maces & Flails | |  0.4

Action                   |  1- 3 |  4- 6 |  7- 9 | 10-12 || total
-------------------------+-------+-------+-------+-------++-------
Melee: War axe           |    77 |   104 |   248 |   178 ||   607
       Flail             |       |       |       |    26 ||    26
Throw: Dart              |       |     1 |    54 |       ||    55
       Boomerang         |       |       |    17 |    11 ||    28
       Javelin           |       |       |     5 |       ||     5
Invok: Berserk           |       |       |     4 |     4 ||     8
Evoke: Wand              |       |       |    14 |     8 ||    22
  Use: Scroll            |     2 |     5 |    13 |     5 ||    25
       Potion            |       |     1 |     6 |     7 ||    14
Armor: Scale mail        |    30 |    46 |    80 |       ||   156
       Plate armour      |       |       |    33 |   152 ||   185
       Chain mail        |       |       |     6 |       ||     6
Dodge: Dodged            |    35 |    42 |   113 |    62 ||   252
Block: Buckler           |    19 |    26 |    62 |    37 ||   144
       Kite shield       |       |       |       |    57 ||    57

Table legend: (Time is in decaauts)
 A = Elapsed time spent in this place.
 B = Non-inter-level travel time spent in this place.
 C = Inter-level travel time spent in this place.
 D = Time resting spent in this place.
 E = Time spent auto-exploring this place.
 F = Levels seen in this place.
 G = Mean time per level.
                   A        B        C        D        E       F      G
               +--------+--------+--------+--------+--------+-----+--------+
         Total |   7452 |   7230 |    222 |    414 |   4918 |  11 |  677.5 |
       Dungeon |   7087 |   6918 |    169 |    414 |   4615 |  10 |  708.7 |
        Temple |    364 |    311 |     53 |      0 |    303 |   1 |  364.0 |
               +--------+--------+--------+--------+--------+-----+--------+

Top non-repeatable levels by time:
     D:3: 979 daAuts
     D:1: 846 daAuts
     D:8: 840 daAuts
     D:9: 776 daAuts
     D:7: 754 daAuts
     D:2: 745 daAuts
     D:4: 704 daAuts
     D:6: 645 daAuts
     D:5: 550 daAuts
  Temple: 364 daAuts
    D:10: 244 daAuts
